 Dungeon Sprint DCSS version 0.16-a0-2702-gfff482a (webtiles) character file.

40390 BluebellGnoll the Evocator (level 13, -12/133 HPs)
             Began as a Deep Dwarf Artificer on Nov 24, 2014.
             Was the Champion of Makhleb.
             Killed from afar by a fire dragon (44 damage)
             ... with a blast of flame
             ... in the Dungeon (Sprint IX: "|||||||||||||||||||||||||||||") on Nov 25, 2014.
             The game lasted 00:31:53 (1777 turns).

BluebellGnoll the Evocator (Deep Dwarf Artificer)   Turns: 1777, Time: 00:31:54

Health: -12/133    AC: 29    Str: 21      XL:     13   Next: 74%
Magic:  23/23      EV:  8    Int: 12      God:    Makhleb [******]
Gold:   430        SH:  0    Dex: 10 (13) Spells: 0 memorised, 12 levels left

rFire  . . .     SeeInvis +     q - +2 halberd "Stroirul" {flame, +Rage rElec}
rCold  + + .     Clarity  .     D - +2 chain mail {rC+}
rNeg   . . .     SustAb   .     (no shield)
rPois  +         Gourm    .     K - +2 helmet {SInv}
rElec  +         Spirit   .     C - +0 cloak
rCorr  .         Warding  .     J - +1 pair of gloves
rMut   .         NoTele   +     L - +1 pair of boots
MR     +....                    (no amulet)
Stlth  ..........               s - ring of protection from cold
                                H - ring of poison resistance

@: very slightly contaminated, non-regenerating, somewhat resistant to hostile
enchantments, extremely unstealthy
A: damage resistance, recharge devices, sense surroundings 2, slow healing 3
a: Device Recharging, Minor Destruction, Lesser Servant of Makhleb, Major
Destruction, Greater Servant of Makhleb, Renounce Religion, Evoke Berserk Rage


You were in the Dungeon.
You worshipped Makhleb.
Makhleb was exalted by your worship.
You were not hungry.

You visited 1 branch You collected 1925 gold pieces.
You spent 1495 gold pieces at shops.

Inventory:

Hand weapons
 q - the +2 halberd "Stroirul" (weapon) {flame, +Rage rElec}
   (You found it in the Dungeon)

   It emits flame when wielded, causing extra injury to most foes and up to
   double damage against particularly susceptible opponents.
   Big, fiery blades are also staple armaments of hydra-hunters.
   It insulates you from electricity.
   It lets you go berserk.
 I - the cursed +5 spear of Compulsion {freeze, rC+}
   (You found it in the Dungeon)

   It has been specially enchanted to freeze those struck by it, causing extra
   injury to most foes and up to double damage against particularly susceptible
   opponents.
   It can also slow down cold-blooded creatures.
   It protects you from cold.
   It has a curse placed upon it.
Missiles
 r - 6 tomahawks
 G - 4 javelins (quivered)
Armour
 v - a +3 chain mail of cold resistance
 C - a +0 cloak (worn)
 D - a +2 chain mail of cold resistance (worn)
 J - a +1 pair of gloves (worn)
 K - a +2 helmet of see invisible (worn)
 L - a +1 pair of boots (worn)
Rods
 t - a +3 lightning rod (2/10)
   (You bought it in a shop in the Dungeon)
Jewellery
 a - an uncursed ring of see invisible
 s - a ring of protection from cold (right hand)
 H - a ring of poison resistance (left hand)
Magical devices
 b - a wand of flame (10)
 c - a wand of enslavement (12)
 d - a wand of random effects (0)
 f - a wand of heal wounds (2)
 p - a wand of cold (5)
Scrolls
 m - a scroll of blinking
 n - 3 scrolls of remove curse
 o - 2 scrolls of amnesia
 x - 6 scrolls of enchant armour
 y - a scroll of fog
 z - 4 scrolls of enchant weapon
 N - 3 scrolls of fear
Potions
 e - a potion of agility
 h - 7 potions of curing
 i - 9 potions of heal wounds
 j - a potion of invisibility
 k - 4 potions of magic
 l - 2 potions of berserk rage
 w - a potion of might
 E - a potion of restore abilities {unknown}
 M - a potion of brilliance
Comestibles
 g - 13 bread rations
 u - a poisonous chunk of flesh
 A - 40 fruits
 B - 12 meat rations


   Skills:
 - Level 13.1 Fighting
   Level 0.8 Short Blades
 + Level 18.7 Polearms
 - Level 20.4 Armour
 - Level 2.1 Dodging
 - Level 1.2 Stealth
 - Level 12.0 Invocations
 - Level 22.4 Evocations


You had 12 spell levels left.
You didn't know any spells.

Dungeon Overview and Level Annotations

Branches:
Dungeon (1/1)

Altars:
Cheibriados
Dithmenos
Elyvilon
Fedhas
Gozag
Kikubaaqudgha
Makhleb
Nemelex Xobeh
Okawaru
Qazlal
Ru
Sif Muna
Trog
Vehumet
Xom
Yredelemnul
Zin
The Shining One
Beogh
Jiyva
Lugonu

Shops:
D [![}


Innate Abilities, Weirdness & Mutations

You are resistant to damage.
You can recharge devices by infusing magical energy.
You passively map the area around you.
You do not heal naturally.


Message History

The fire dragon breathes flames at you.
The blast of flame hits the red very ugly thing.
The red very ugly thing resists.
The blast of flame hits you!
* * * LOW HITPOINT WARNING * * *
The red very ugly thing kicks you!
* * * LOW HITPOINT WARNING * * *
Evoke which item? (* to show all) (? for menu, Esc to quit)
Zapping:
p - a wand of cold (6)
Press: ? - help, Shift-Dir - straight line, f/p - red very ugly thing
Aim: a red very ugly thing (severely wounded)
The bolt of cold hits the red very ugly thing.
You kill the red very ugly thing!
Makhleb accepts your kill.
You feel a little better.
The bolt of cold hits the fire dragon.
The fire dragon is frozen!
The fire dragon is moderately wounded.
This wand has 5 charges left.
The fire dragon breathes flames at you. The blast of flame hits you!
You die...

, , , , , , , , , * * * * * * * ,
, ,, , , , , , * * * * * ** ,,, ,
, , ,, * * * * ** * , , , , , ,,
▓▓▓▓▓▓▓▓▓▓▓▓▓▓▓▓▓▓▓▓▓▓▓▓▓ ** **
.......(....().)@)(D†...., ,
▓▓▓▓▓▓▓▓▓▓▓▓▓▓▓▓▓▓▓▓▓▓▓▓▓▓▓▓▓▓▓▓▓
.................................
▓▓▓▓▓▓▓▓▓▓▓▓▓▓▓▓▓▓▓▓▓▓▓▓♣♣♣♣♣♣♣♣♣
=.............'.........').......
▓▓▓▓▓▓▓▓▓▓▓▓▓▓▓▓▓▓▓▓▓▓▓▓♣♣♣♣♣♣♣♣♣
.................................
▓▓▓▓▓▓▓▓▓▓▓▓▓▓▓▓▓▓▓▓▓▓▓▓▓▓▓▓▓▓▓▓▓
........'=.....)))))))..[[..[[[..


You could see a fire dragon.

Vanquished Creatures
  A greater naga (D)
  Wiglaf (D)
  A frost giant (D)
  A ghost moth (D)
  Gastronok (D)
  An emperor scorpion (D)
  4 stone giants (D)
  2 very ugly things (D)
  A vampire knight (D)
  A dire elephant (D)
  A minotaur (D)
  2 merfolk impalers (D)
  An ettin (D)
  An ice dragon (D)
  A green death (D)
  An ogre mage (D)
  3 centaur warriors (D)
  A satyr (D)
  2 deep troll earth magi (D)
  A shock serpent (D)
  Urug (D)
  A sea snake (D)
  A spriggan druid (D)
  A swamp dragon (D)
  3 orc knights (D)
  2 manticores (D)
  6 orc sorcerers (D)
  An orb spider (D)
  A mana viper (D)
  A wolf spider (D)
  A griffon (D)
  3 spiny frogs (D)
  A guardian serpent (D)
  A naga mage (D)
  3 black mambas (D)
  A torpor snail (D)
  2 yaktaurs (D)
  An efreet (D)
  2 merfolk (D)
  A giant leech (D)
  3 polar bears (D)
  A jumping spider (D)
  A raven (D)
  A snapping turtle (D)
  A slime creature (D)
  A redback (D)
  2 trapdoor spiders (D)
  4 hippogriffs (D)
  A wyvern (D)
  3 water moccasins (D)
  A naga (D)
  3 porcupines (D)
  5 black bears (D)
  A spider (D)
  An ogre (D)
  11 orc warriors (D)
  A crocodile (D)
  2 centaurs (D)
  4 giant frogs (D)
  A killer bee (D)
  5 orc priests (D)
  10 orc wizards (D)
  An iguana (D)
  A river rat (D)
  A shadow imp (D)
  An orc zombie (D)
  An adder skeleton (D)
  6 orcs (D)
  A goblin (D)
  A hobgoblin (D)
  A jackal (D)
  2 kobolds (D)
  A quokka (D)
  A ball python zombie (D)
  3 bats (D)
  A giant gecko (D)
  A giant gecko zombie (D)
  A giant spore (D)
  A rat (D)
  A ballistomycete (D)
151 creatures vanquished.

Vanquished Creatures (collateral kills)
  A jumping spider (D)
  A crocodile (D)
  A giant frog (D)
  An adder (D)
  A quokka (D)
5 creatures vanquished.

Vanquished Creatures (others)
  A balrug (D)
  A blizzard demon (D)
  An elephant (D)
  An orc wizard (D)
  An orc zombie (D)
5 creatures vanquished.

Grand Total: 161 creatures vanquished

Notes
Turn   | Place    | Note
--------------------------------------------------------------
     0 | D        | BluebellGnoll, the Deep Dwarf Artificer, began the quest for the Orb.
     0 | D        | Reached XP level 1. HP: 16/16 MP: 1/1
     8 | D        | Reached skill level 5 in Evocations
    13 | D        | Reached skill level 6 in Evocations
    28 | D        | Noticed an ogre
    28 | D        | Noticed a centaur
    29 | D        | Reached skill level 7 in Evocations
    29 | D        | Reached XP level 2. HP: 24/24 MP: 4/4
    35 | D        | Killed an ogre
    35 | D        | Reached skill level 12 in Evocations
    35 | D        | Reached XP level 3. HP: 30/30 MP: 6/9
    35 | D        | Reached XP level 4. HP: 37/37 MP: 8/12
    37 | D        | Killed a centaur
    37 | D        | Reached skill level 14 in Evocations
    37 | D        | Reached XP level 5. HP: 33/43 MP: 10/17
    43 | D        | Found a glowing silver altar of Zin.
    43 | D        | Found a glowing golden altar of the Shining One.
    43 | D        | Found an ancient bone altar of Kikubaaqudgha.
    43 | D        | Found a basalt altar of Yredelemnul.
    43 | D        | Found a shimmering altar of Xom.
    43 | D        | Found a radiant altar of Vehumet.
    43 | D        | Found an iron altar of Okawaru.
    44 | D        | Found a burning altar of Makhleb.
    45 | D        | Found a deep blue altar of Sif Muna.
    46 | D        | Found a bloodstained altar of Trog.
    47 | D        | Found a sparkling altar of Nemelex Xobeh.
    48 | D        | Found a white marble altar of Elyvilon.
    49 | D        | Found a roughly hewn altar of Beogh.
    50 | D        | Found a viscous altar of Jiyva.
    51 | D        | Found a corrupted altar of Lugonu.
    52 | D        | Found a blossoming altar of Fedhas.
    53 | D        | Became a worshipper of Makhleb the Destroyer
    68 | D        | Acquired Makhleb's first power
   108 | D        | Found a snail-covered altar of Cheibriados.
   109 | D        | Found a shadowy altar of Dithmenos.
   110 | D        | Found a stormy altar of Qazlal.
   111 | D        | Found an opulent altar of Gozag.
   112 | D        | Found a sacrificial altar of Ru.
   130 | D        | Got the +2 halberd "Stroirul" {flame, +Rage rElec}
   265 | D        | Noticed a killer bee
   267 | D        | Acquired Makhleb's second power
   268 | D        | Killed a killer bee
   286 | D        | Acquired Makhleb's third power
   294 | D        | Noticed a hippogriff
   294 | D        | Noticed a centaur warrior
   294 | D        | Noticed an orc wizard
   294 | D        | Noticed a hippogriff
   305 | D        | Killed an orc wizard
   305 | D        | Acquired Makhleb's fourth power
   305 | D        | Reached skill level 5 in Armour
   306 | D        | Killed a hippogriff
   306 | D        | Reached XP level 6. HP: 50/50 MP: 19/19
   306 | D        | Killed a centaur warrior
   306 | D        | Reached XP level 7. HP: 56/56 MP: 21/21
   306 | D        | Reached XP level 8. HP: 63/63 MP: 23/23
   306 | D        | Killed a hippogriff
   308 | D        | Acquired Makhleb's fifth power
   422 | D        | Noticed a porcupine
   422 | D        | Noticed a hippogriff
   422 | D        | Noticed an iguana
   422 | D        | Noticed a water moccasin
   422 | D        | Noticed a porcupine
   422 | D        | Noticed a water moccasin
   423 | D        | Killed a porcupine
   429 | D        | Killed a hippogriff
   431 | D        | Killed an iguana
   448 | D        | Killed a water moccasin
   448 | D        | Reached skill level 5 in Polearms
   449 | D        | Noticed a giant frog
   450 | D        | Noticed a water moccasin
   455 | D        | Killed a porcupine
   455 | D        | Reached skill level 5 in Fighting
   455 | D        | Killed a giant frog
   455 | D        | Killed a water moccasin
   458 | D        | Killed a water moccasin
   471 | D        | Noticed an elephant
   471 | D        | Noticed a giant frog
   471 | D        | Noticed a crocodile
   471 | D        | Noticed a spiny frog
   471 | D        | Noticed a porcupine
   471 | D        | Noticed a hippogriff
   475 | D        | Noticed a giant frog
   483 | D        | Killed a giant frog
   483 | D        | Gained mutation: You passively map the area around you. [level up]
   483 | D        | Reached XP level 9. HP: 77/82 MP: 24/24
   486 | D        | Killed a crocodile
   488 | D        | an elephant (ally) was killed
   495 | D        | Killed a spiny frog
   495 | D        | Reached skill level 15 in Evocations
   496 | D        | Noticed a wyvern
   498 | D        | Killed a porcupine
   498 | D        | Reached skill level 16 in Evocations
   503 | D        | Killed a hippogriff
   504 | D        | Killed a giant frog
   509 | D        | Killed a wyvern
   509 | D        | Reached skill level 17 in Evocations
   522 | D        | Noticed a black bear
   522 | D        | Noticed a black bear
   522 | D        | Noticed a black bear
   522 | D        | Noticed a black bear
   522 | D        | Noticed a black bear
   522 | D        | Noticed a polar bear
   522 | D        | Noticed a polar bear
   528 | D        | Killed a black bear
   531 | D        | Noticed a polar bear
   546 | D        | Killed a polar bear
   559 | D        | Killed a polar bear
   565 | D        | Killed a polar bear
   565 | D        | Reached skill level 10 in Polearms
   570 | D        | Killed a black bear
   572 | D        | Killed a black bear
   577 | D        | Killed a black bear
   583 | D        | Killed a black bear
   664 | D        | Noticed Urug
   675 | D        | Noticed Gastronok
   697 | D        | Killed Gastronok
   697 | D        | Reached XP level 10. HP: 73/91 MP: 26/26
   708 | D        | Killed Urug
   784 | D        | Noticed an orc wizard
   784 | D        | Noticed an orc priest
   784 | D        | Noticed an orc priest
   784 | D        | Noticed an orc warrior
   784 | D        | Noticed an orc priest
   784 | D        | Noticed an orc wizard
   791 | D        | Noticed an orc wizard
   792 | D        | Killed an orc wizard
   792 | D        | Killed an orc warrior
   792 | D        | Killed an orc priest
   793 | D        | Noticed an orc priest
   794 | D        | Noticed an orc priest
   795 | D        | Killed an orc priest
   795 | D        | Killed an orc priest
   795 | D        | Killed an orc wizard
   798 | D        | Killed an orc wizard
   801 | D        | Killed an orc priest
   801 | D        | Killed an orc priest
   846 | D        | Noticed a stone giant
   846 | D        | Noticed an orc warrior
   846 | D        | Noticed an orc knight
   846 | D        | Noticed an orc warrior
   846 | D        | Noticed an orc warrior
   846 | D        | Noticed an orc warrior
   846 | D        | Noticed an orc warrior
   848 | D        | Killed an orc warrior
   848 | D        | Killed an orc warrior
   849 | D        | Killed an orc warrior
   850 | D        | Killed a stone giant
   851 | D        | Noticed an orc warrior
   852 | D        | Noticed an orc warrior
   852 | D        | Killed an orc knight
   852 | D        | Reached skill level 15 in Polearms
   852 | D        | Killed an orc warrior
   852 | D        | Killed an orc warrior
   853 | D        | Noticed an orc warrior
   854 | D        | Noticed an orc warrior
   861 | D        | Noticed an orc warrior
   864 | D        | Killed an orc warrior
   864 | D        | Killed an orc warrior
   865 | D        | Killed an orc warrior
   871 | D        | Killed an orc warrior
   872 | D        | Killed an orc warrior
   872 | D        | Reached XP level 11. HP: 97/97 MP: 26/26
   911 | D        | Found Twast's Armour Emporium.
   911 | D        | Noticed an orc wizard
   911 | D        | Noticed an orc wizard
   911 | D        | Noticed an orc wizard
   911 | D        | Noticed an orc sorcerer
   911 | D        | Noticed an orc wizard
   911 | D        | Noticed an orc sorcerer
   912 | D        | Found Thiececw's Distillery.
   913 | D        | Noticed an orc wizard
   913 | D        | Killed an orc wizard
   916 | D        | Killed an orc wizard
   917 | D        | Noticed an orc wizard
   919 | D        | Killed an orc wizard
   919 | D        | Reached skill level 1 in Invocations
   919 | D        | Killed an orc wizard
   920 | D        | Killed an orc sorcerer
   921 | D        | Found Kagigung's Armour Emporium.
   921 | D        | Noticed an orc wizard
   923 | D        | Killed an orc sorcerer
   934 | D        | Killed an orc wizard
   938 | D        | Noticed an orc sorcerer
   941 | D        | Noticed a soul eater
   945 | D        | Killed an orc wizard
   945 | D        | Reached skill level 18 in Evocations
   948 | D        | Killed an orc wizard
   949 | D        | Killed an orc sorcerer
   949 | D        | Reached skill level 5 in Invocations
   967 | D        | Found Sempiyma's Gadget Shoppe.
   977 | D        | Noticed an orc sorcerer
   982 | D        | Noticed an orc sorcerer
   983 | D        | Noticed an orc sorcerer
   992 | D        | Killed an orc sorcerer
   996 | D        | Killed an orc sorcerer
   997 | D        | Killed an orc sorcerer
   997 | D        | Reached skill level 19 in Evocations
  1035 | D        | Bought a +2 large shield of resistance for 415 gold pieces
  1038 | D        | Bought a +3 lightning rod (10/10) for 1080 gold pieces
  1148 | D        | Got the cursed +5 spear of Compulsion {freeze, rC+}
  1215 | D        | Noticed an efreet
  1215 | D        | Noticed an ogre mage
  1215 | D        | Noticed an orc knight
  1215 | D        | Noticed a centaur
  1215 | D        | Noticed a centaur warrior
  1215 | D        | Noticed an orc knight
  1215 | D        | Noticed a giant frog
  1217 | D        | Killed an efreet
  1217 | D        | Killed a centaur warrior
  1220 | D        | Noticed a red very ugly thing
  1220 | D        | Killed an ogre mage
  1220 | D        | Reached skill level 20 in Evocations
  1220 | D        | Killed an orc knight
  1220 | D        | Killed a centaur
  1220 | D        | Killed a giant frog
  1221 | D        | Noticed a manticore
  1224 | D        | Noticed a stone giant
  1230 | D        | Killed an orc knight
  1230 | D        | Reached skill level 10 in Invocations
  1230 | D        | Reached skill level 21 in Evocations
  1231 | D        | Killed a red very ugly thing
  1231 | D        | Killed a manticore
  1233 | D        | Killed a stone giant
  1233 | D        | Reached skill level 22 in Evocations
  1240 | D        | Noticed an emperor scorpion
  1243 | D        | Noticed a minotaur
  1245 | D        | Noticed a frost giant
  1251 | D        | Noticed a dire elephant
  1252 | D        | Killed a minotaur
  1252 | D        | Reached skill level 15 in Armour
  1252 | D        | Reached XP level 12. HP: 74/105 MP: 27/27
  1257 | D        | Killed an emperor scorpion
  1267 | D        | Killed a frost giant
  1289 | D        | Killed a dire elephant
  1416 | D        | Upgraded the game from 0.16-a0-2669-g4c00d22 to 0.16-a0-2702-gfff482a
  1417 | D        | Noticed a jumping spider
  1417 | D        | Noticed a ghost moth
  1417 | D        | Noticed a redback
  1417 | D        | Noticed an orb spider
  1417 | D        | Noticed a wolf spider
  1419 | D        | Killed a redback
  1422 | D        | Noticed a trapdoor spider
  1422 | D        | Noticed a trapdoor spider
  1427 | D        | Noticed a spider
  1431 | D        | Noticed a torpor snail
  1431 | D        | Killed a jumping spider
  1439 | D        | Killed a ghost moth
  1443 | D        | Killed an orb spider
  1445 | D        | Killed a trapdoor spider
  1455 | D        | Killed a wolf spider
  1459 | D        | Killed a trapdoor spider
  1462 | D        | Killed a spider
  1473 | D        | Killed a torpor snail
  1498 | D        | Noticed a spiny frog
  1498 | D        | Noticed a crocodile
  1498 | D        | Noticed a raven
  1498 | D        | Noticed a spiny frog
  1498 | D        | Noticed a slime creature
  1498 | D        | Noticed a spriggan druid
  1498 | D        | Noticed a giant leech
  1500 | D        | Killed a crocodile
  1500 | D        | Killed a raven
  1500 | D        | Killed a spiny frog
  1500 | D        | Killed a slime creature
  1501 | D        | Noticed a swamp dragon
  1501 | D        | Killed a spiny frog
  1504 | D        | Killed a spriggan druid
  1505 | D        | Noticed a griffon
  1506 | D        | Noticed a giant frog
  1508 | D        | Killed a giant frog
  1509 | D        | Killed a giant leech
  1509 | D        | Killed a swamp dragon
  1509 | D        | Killed a griffon
  1521 | D        | Noticed a sea snake
  1521 | D        | Noticed a satyr
  1521 | D        | Noticed a merfolk impaler
  1521 | D        | Noticed a merfolk
  1521 | D        | Noticed a snapping turtle
  1521 | D        | Noticed a merfolk
  1522 | D        | Noticed a merfolk impaler
  1523 | D        | Killed a satyr
  1523 | D        | Killed a merfolk
  1525 | D        | Noticed a manticore
  1526 | D        | Killed a sea snake
  1526 | D        | Killed a merfolk impaler
  1526 | D        | Reached XP level 13. HP: 116/121 MP: 16/27
  1533 | D        | Killed a merfolk
  1534 | D        | Killed a snapping turtle
  1534 | D        | Killed a manticore
  1540 | D        | Noticed a jumping spider
  1556 | D        | Killed a jumping spider
  1560 | D        | Killed a merfolk impaler
  1560 | D        | Reached skill level 10 in Fighting
  1586 | D        | Noticed a black mamba
  1586 | D        | Noticed a black mamba
  1586 | D        | Noticed a mana viper
  1586 | D        | Noticed a naga
  1586 | D        | Noticed a naga mage
  1586 | D        | Noticed a greater naga
  1586 | D        | Noticed a black mamba
  1588 | D        | Killed a black mamba
  1588 | D        | Killed a mana viper
  1588 | D        | Killed a black mamba
  1588 | D        | Killed a naga mage
  1590 | D        | Noticed a guardian serpent
  1592 | D        | Noticed a shock serpent
  1595 | D        | Killed a greater naga
  1595 | D        | Killed a naga
  1595 | D        | Killed a guardian serpent
  1597 | D        | Killed a black mamba
  1606 | D        | Killed a shock serpent
  1656 | D        | Noticed Wiglaf
  1667 | D        | Killed Wiglaf
  1736 | D        | Noticed a stone giant
  1736 | D        | Noticed a centaur warrior
  1736 | D        | Noticed a vampire knight
  1736 | D        | Noticed a yaktaur
  1736 | D        | Noticed an ettin
  1736 | D        | Noticed a yaktaur
  1736 | D        | Noticed an ice dragon
  1741 | D        | Noticed a deep troll earth mage
  1748 | D        | Killed a vampire knight
  1750 | D        | Killed a stone giant
  1750 | D        | Killed a yaktaur
  1751 | D        | Killed a centaur warrior
  1751 | D        | Killed an ettin
  1751 | D        | Killed a yaktaur
  1757 | D        | Noticed a stone giant
  1757 | D        | Killed an ice dragon
  1758 | D        | Noticed a red very ugly thing
  1760 | D        | Noticed a deep troll earth mage
  1767 | D        | Killed a deep troll earth mage
  1768 | D        | Killed a deep troll earth mage
  1769 | D        | Noticed a fire dragon
  1771 | D        | Killed a stone giant
  1777 | D        | Killed a red very ugly thing
  1777 | D        | Killed from afar by a fire dragon

Action                   |  1- 3 |  4- 6 |  7- 9 | 10-12 | 13-15 || total
-------------------------+-------+-------+-------+-------+-------++-------
Melee: Short sword       |    15 |       |       |       |       ||    15
       Halberd           |       |    14 |    97 |   157 |    53 ||   321
Throw: Javelin           |       |       |       |       |     4 ||     4
Invok: Major Destruction |       |       |     1 |     5 |     3 ||     9
       Greater Servant o |       |       |       |     1 |     2 ||     3
 Abil: Device Recharging |       |       |     1 |     5 |     4 ||    10
Evoke: Wand              |     3 |     6 |    14 |    46 |    20 ||    89
       Rod               |       |       |       |     9 |     5 ||    14
  Use: Potion            |     1 |       |       |       |       ||     1
       Scroll            |       |       |       |       |     1 ||     1
 Stab: Paralysed         |     4 |       |     2 |       |       ||     6
       Fleeing           |       |       |     1 |       |       ||     1
  Eat: Chunk             |       |       |       |     4 |     1 ||     5
